 Dungeon Crawl Stone Soup version 0.31-b1-20-g67cafac56d (webtiles) character file.

Game seed: 14993201517548199384

307 bearlyready the Cudgeller (level 6, 0/63 HPs)
             Began as an Oni Gladiator on Jan 18, 2024.
             Was an Initiate of Ru.
             Succumbed to Dowan's poison
             ... on level 4 of the Dungeon.
             The game lasted 00:04:31 (2763 turns).

bearlyready the Cudgeller (Oni Gladiator)           Turns: 2763, Time: 00:04:32

Health: 0/63       AC: 14    Str: 21    XL:     6   Next: 40%
Magic:  6/6        EV:  1    Int:  9    God:    Ru [......]
Gold:   130        SH:  0    Dex: 16    Spells: 5/5 levels left

rFire   + . .        a - +0 flail
rCold   + . .        (no shield)
rNeg    . . .        o - +0 gold dragon scales
rPois   +            c - +0 hat
rElec   .            (no cloak)
rCorr   .            (gloves unavailable)
SInv    .            (boots unavailable)
Will    +....        (no amulet) Stlth
                     p - +6 ring of dexterity
HPRegen 0.30/turn    (no ring)
MPRegen 0.10/turn

%: no passive effects
@: brilliant, lethally poisoned (0 -> -1), enlightened, flying
A: large, unfitting armour, horns 1, tough skin 1, double potion healing,
drunken brawling
a: Renounce Religion


You were on level 4 of the Dungeon.
You worshipped Ru.
Ru was noncommittal.
You visited 2 branches of the dungeon, and saw 5 of its levels.

You collected 130 gold pieces.

Inventory:

Hand Weapons
 a - a +0 flail (weapon)
 b - a +2 sling of flaming
Missiles
 d - 3 throwing nets
 e - 2 large rocks
 i - 4 poisoned darts (quivered)
Armour
 c - a +0 hat (worn)
 o - +0 gold dragon scales (worn)
 u - a +0 robe
Jewellery
 p - a +6 ring of dexterity (left hand)
Talismans
 k - a granite talisman
Scrolls
 f - a scroll of fear {unknown}
 g - 7 scrolls of teleportation {unknown}
 h - 3 scrolls of poison {unknown}
 j - 7 scrolls of identify {unknown}
 n - a scroll of summoning {unknown}
 t - a scroll of revelation {unknown}
Potions
 l - 2 potions of enlightenment
 m - a potion of curing {unknown}
 q - a potion of lignification {unknown}
 r - a potion of brilliance
 s - 2 potions of haste {unknown}
 v - a potion of berserk rage {unknown}
 w - a potion of might {unknown}


   Skills:
 + Level 4.7 Fighting
 + Level 5.5 Maces & Flails
 - Level 2.0 Throwing
 + Level 2.3 Armour
 - Level 2.6 Dodging


You had 5 spell levels left.
You didn't know any spells.
Your spell library contained the following spells:

 Spells                   Type           Power      Damage    Failure   Level
 Kiss of Death            Conj/Necr      0%         2d5       100%        1
 Confusing Touch          Hex            0%         N/A       100%        3
 Animate Dead             Necr           0%         N/A       100%        4
 Dispel Undead            Necr           0%         3d6       100%        4
 Borgnjor's Vile Clutch   Necr/Erth      0%         N/A       100%        5
 Death Channel            Necr           0%         N/A       100%        6


Dungeon Overview and Level Annotations

Branches:
Dungeon (4/15)             Temple (1/1) D:4

Altars:
Ashenzari
Elyvilon
Fedhas
Gozag
Hepliaklqana
Kikubaaqudgha
Makhleb
Nemelex Xobeh
Qazlal
Ru
Sif Muna
Xom
Yredelemnul

Annotations:
D:3 1 runed translucent door, Sinnistrad's ghost, amateur MiFi
D:4 Duvessa


Innate Abilities, Weirdness & Mutations

You are too large for most types of armour.
You have a pair of small horns on your head.
You have tough skin. (AC +1)
You gain doubled healing and magic from potions.
Whenever you drink a healing potion, you attack all around you.


Message History

Press: ? - help, Q - select action, (/) - cycle Shift-Dir - straight line, f/p - Duvessa
Aim: Duvessa, wielding a +0 short sword and wearing a +0 leather armour (poisoned, 64% to hit)
You throw a poisoned dart. The poisoned dart closely misses Dowan.
The poisoned dart hits Duvessa.
Duvessa looks even sicker.
You feel very sick.
Dowan hits you with a +1 dagger of venom.
Okay, then.
Throw: 5 darts (poison)
Press: ? - help, Q - select action, (/) - cycle Shift-Dir - straight line, f/p - Duvessa
Aim: Duvessa, wielding a +0 short sword and wearing a +0 leather armour (lightly wounded, very poisoned, 64% to hit)
You throw a poisoned dart. The poisoned dart hits Dowan.
Dowan looks even sicker.
Dowan is severely wounded.
You feel very sick.
You barely miss Duvessa. You headbutt Duvessa.
Duvessa is lightly wounded.
You feel very sick.
You feel very sick.
You feel sick. Duvessa attacks as she pursues you!
Duvessa hits you with a +0 short sword.
You feel sick. Duvessa attacks as she pursues you!
Duvessa hits you but does no damage.
You feel sick.
Dowan smirks and points a slender finger.
You feel sick.
You feel sick.
Duvessa screams in rage.
Duvessa goes berserk!
You feel a bit more experienced.
You feel sick. Duvessa attacks as she pursues you!
Duvessa hits you with a +0 short sword.
* * * LOW HITPOINT WARNING * * *
It was a potion of enlightenment.
You feel very buoyant.
You fly up into the air.
You feel sick. Duvessa hits you with a +0 short sword!
* * * LOW HITPOINT WARNING * * *
Duvessa hits you but does no damage.
It was a potion of brilliance.
You feel clever all of a sudden.
You die...

#####........)...........#.....>
###...........>...#......#.#
###.............#.##...#..
#.#................)..#.
#...............#.(.#.#.
##..###............###.## ##...#
#..............#... ##...##
##........(........ #######..#.#
#@#.....(..##..##. #...##..##.#
#e#....(....#..... ###.##.###.#
#.#...(.....##..#. #....###.#
##...........###...
####..##.####...#.........<....
####..##..##...............###.
##.....###.##.##...##.#.....# #.
##..###..##.##.##...##.#.....#
#. #..##
##.....#..รท[.....#.....# ##


You could see Duvessa (berserk, poisoned).

Vanquished Creatures
  Dowan (D:4)
  A howler monkey (D:4)
  An iguana (D:4)
  3 orc wizards
  6 adders
  A ribbon worm (D:2)
  6 orcs
  3 ball pythons
  6 endoplasms
  4 giant cockroaches
  7 goblins
  5 hobgoblins
  2 jackals (D:3)
  5 kobolds
  3 quokkas
  3 bats (D:1)
  2 frilled lizards (D:3)
  5 rats
64 creatures vanquished.

Notes
Turn   | Place    | Note
-------+----------+-------------------------------------------
     0 | D:1      | bearlyready the Oni Gladiator began the quest for the Orb.
     0 | D:1      | Reached XP level 1. HP: 22/22 MP: 1/1
   106 | D:1      | Reached XP level 2. HP: 29/29 MP: 2/2
   835 | D:2      | Reached skill level 4 in Maces & Flails
   889 | D:2      | Reached XP level 3. HP: 20/36 MP: 3/3
  1219 | D:3      | Reached XP level 4. HP: 44/44 MP: 4/4
  1427 | D:3      | Found a runed translucent door.
  1427 | D:3      | Noticed Sinnistrad's ghost (amateur MiFi)
  1498 | D:3      | Found a burning altar of Makhleb.
  1498 | D:3      | Noticed an Executioner
  1562 | D:3      | Found a shimmering altar of Xom.
  1688 | D:3      | Reached skill level 1 in Armour
  1815 | D:3      | Found an opulent altar of Gozag.
  2226 | D:4      | Reached skill level 5 in Maces & Flails
  2226 | D:4      | Reached XP level 5. HP: 53/53 MP: 5/5
  2338 | D:4      | Found a staircase to the Ecumenical Temple.
  2356 | Temple   | Entered the Ecumenical Temple
  2404 | Temple   | Became a worshipper of Ru the Awakened
  2541 | D:4      | Identified the +0 ring mail "Olij" {rF++ Int-2 Dex+2}
  2556 | D:4      | Reached XP level 6. HP: 50/63 MP: 6/6
  2600 | D:4      | Found a blossoming altar of Fedhas.
  2743 | D:4      | Noticed Dowan
  2747 | D:4      | Noticed Duvessa
  2760 | D:4      | Killed Dowan
  2762 | D:4      | HP: 1/63 [Duvessa/+0 short sword (14)]
  2763 | D:4      | Succumbed to Dowan's poison

Illustrated notes

Levels and vault maps discovered:
D:1:      minmay_arrival_glassed_features, layout_basic
D:2:      layout_basic, chequers_garden, kennysheep_cluttered_room,
          minmay_tree_intersection
D:3:      minmay_evil_eye, layout_loops_ring, makhleb_altar_promises_db,
          nicolae_gozag_seed_capital, regret_index_xom_buried_treasure,
          hellmonk_ghost_happy_afterlife, serial_bayou_lagoon_b
D:4:      layout_rooms, mainiacjoe_overflow_chevrons,
          minmay_temple_entry_stoned_glass, uniq_duvessa
Temple:   nicolae_temple_ecumenical_triangle

Skill      XL: |  1  2  3  4  5 |
---------------+----------------+-----
Maces & Flails | 4 5 |  5.5
Fighting       | 3 4 |  4.7
Armour         | 1 2 |  2.3
Throwing       | |  2.0
Dodging        | |  2.6

Action                     |  1- 3 |  4- 6 || total
---------------------------+-------+-------++-------
  Melee: Flail             |    56 |   111 ||   167
         Headbutt          |     9 |    16 ||    25
         Punch             |       |     1 ||     1
  Throw: Dart              |       |     6 ||     6
    Use: Potion            |       |     2 ||     2
 Armour: Robe              |    15 |       ||    15
         Gold dragon scale |    32 |   145 ||   177
  Dodge: Dodged            |    12 |     2 ||    14
